 Dungeon Crawl Stone Soup version 0.23-a0-636-g0ff6057 (webtiles) character file.

54 TheGoonsmith the Covered (level 3, -5/24 HPs)
             Began as a Gargoyle Fighter on Dec 28, 2018.
             Slain by an ogre
             ... wielding a +0 giant spiked club
              (29 damage)
             ... on level 2 of the Dungeon.
             The game lasted 00:01:58 (995 turns).

TheGoonsmith the Covered (Gargoyle Fighter)          Turns: 995, Time: 00:01:59

Health: -5/24      AC: 12    Str: 20    XL:     3   Next: 91%
Magic:  3/3        EV:  5    Int:  8    God:
Gold:   46         SH:  9    Dex:  9    Spells: 2/2 levels left

rFire    . . .     SeeInvis .   a - +0 flail
rCold    . . .     Gourm    .   c - +0 shield
rNeg     + . .     Faith    .   g - +0 chain mail
rPois    ∞         Spirit   .   (no helmet)
rElec    +         Reflect  .   (no cloak)
rCorr    .         Harm     .   (no gloves)
MR       .....                  (no boots)
Stlth    ..........             (no amulet)
HPRegen  0.08/turn              (no ring)
MPRegen  0.08/turn              (no ring)

@: no status effects
A: negative energy resistance 1, electricity resistance, unbreathing,
petrification resistance, rot immunity, AC +3
a: no special abilities


You were on level 2 of the Dungeon.
You were not hungry.

You visited 1 branch of the dungeon, and saw 2 of its levels.

You collected 46 gold pieces.

Inventory:

Hand Weapons
 a - a +0 flail (weapon)
Armour
 b - a +0 scale mail
 c - a +0 shield (worn)
 g - a +0 chain mail (worn)
Jewellery
 i - an uncursed ring of see invisible {unknown}
Scrolls
 e - a scroll of fear {unknown}
 j - 2 scrolls of enchant weapon {unknown}
 m - a scroll of immolation {unknown}
Potions
 d - 2 potions of might
 h - a potion of curing {unknown}
 k - a potion of resistance {unknown}
 n - a potion of haste {unknown}
Comestibles
 f - 2 rations


   Skills:
 + Level 3.8 Fighting
 * Level 3.2 Maces & Flails
 + Level 3.8 Armour
 - Level 3.2 Shields


You had 2 spell levels left.
You didn't know any spells.
Your spell library was empty.

Dungeon Overview and Level Annotations

Branches:
Dungeon (2/15)

Altars:


Innate Abilities, Weirdness & Mutations

You are resistant to torment.
Your stone body is resilient. (AC +3)
You are immune to poison.
You resist negative energy. (rN+)
You are resistant to electric shocks. (rElec)
You can survive without breathing.
You are immune to petrification.
You are immune to rotting.


Message History

The adder bites you but does no damage. x2
Your shield and chain mail prevent you from hitting the adder.
The adder bites you but does no damage. x2
You closely miss the adder. The adder bites you.
You sock the adder!
You kill the adder!
Eating a chunk of flesh.
You eat the chunk of flesh.
This raw flesh tastes terrible.
Found 16 arrows.
An ogre comes into view. It is wielding a +0 giant spiked club.
The ogre shouts!
You hit the ogre.
The ogre is lightly wounded.
A frilled lizard comes into view.
You block the ogre's attack.
Your shield and chain mail prevent you from hitting the ogre.
The ogre is lightly wounded.
The ogre hits you with a +0 giant spiked club!!
Ouch! That really hurt!
You die...

#.# . #.# # .. ####.##. ...
#....... #... ... #....... (.. #.
.. #....... . #..##.l###
#.####.†..... #. #...##....###
#..)...<.÷... #.. #.#.#
#O@.##.......†..... ....
#.#.#######.##.#..##.......
.....##.#.....#..................
................#............#...
.....#.#####.###..###(...##.....
.........# #..##..# #.....###..#
.....#.#.#####....## #...#.......
.... #.....####...####..........#
... ####....>...... .....####..#


You could see an ogre and a frilled lizard.

Vanquished Creatures
  2 adders (D:2)
  A worm (D:2)
  2 dart slugs (D:1)
  2 leopard geckos
  A ball python (D:1)
  5 bats
  A giant cockroach (D:2)
  A goblin (D:1)
  3 hobgoblins
  2 kobolds
  A quokka (D:2)
  A frilled lizard (D:2)
  4 rats
26 creatures vanquished.

Notes
Turn   | Place    | Note
-------+----------+-------------------------------------------
     0 | D:1      | TheGoonsmith the Gargoyle Fighter began the quest for the
                  | Orb.
     0 | D:1      | Reached XP level 1. HP: 14/14 MP: 1/1
   130 | D:1      | Reached XP level 2. HP: 15/19 MP: 2/2
   760 | D:2      | Reached XP level 3. HP: 23/23 MP: 3/3
   954 | D:2      | Found a faded altar of an unknown god.
   990 | D:2      | Noticed an ogre
   995 | D:2      | Slain by an ogre

Vault maps used:
D:1:      dpeg_cavernosity
D:2:      nicolae_tso_carved_into_rock, gammafunk_temple_overflow_statue,
          chequers_ecumenical_altar_simple_redux

Skill      XL: |  1  2  3 |
---------------+----------+-----
Maces & Flails | 3 |  3.2
Fighting       | |  3.8
Armour         | |  3.8
Shields        | |  3.2

Action                   || total
-------------------------++-------
Melee: Flail             ||   125
  Eat: Chunk             ||     1
Armor: Scale mail        ||    41
       Chain mail        ||    43
Dodge: Dodged            ||    35
Block: Shield            ||    69

Table legend:
 A = Non-vault XP
 B = Vault XP
 C = Vault XP percentage of total XP
 D = Non-vault monster count
 E = Vault monster count
 F = Vault count percentage of total count
                 A         B        C        D         E       F
            +---------+---------+-------+---------+---------+-------
      Total |      73 |       5 |   6.4 |      23 |       3 |  11.5
            +---------+---------+-------+---------+---------+-------
        D:1 |      25 |       5 |  16.7 |      11 |       3 |  21.4
        D:2 |      48 |       0 |   0.0 |      12 |       0 |   0.0
            +---------+---------+-------+---------+---------+-------
